 Dungeon Crawl Stone Soup version 0.32-a0-427-g448f42529f (webtiles) character file.

Game seed: 18151390123640586027

9 xBlu3print the Changeling (level 1, 0/15 HPs)
             Began as a Demigod Shapeshifter on Feb 22, 2024.
             Slain by a hobgoblin (2 damage)
             ... on level 1 of the Dungeon.
             The game lasted 00:02:52 (459 turns).

xBlu3print the Changeling (Demigod Shapeshifter)     Turns: 459, Time: 00:02:52

Health: 0/15       AC:  2    Str: 15    XL:     1   Next: 86%
Magic:  3/3        EV: 12    Int: 12    God:
Gold:   0          SH:  0    Dex: 13    Spells: 0/0 levels left

rFire   . .          .
                       - Unarmed
rCold   . . .        (no shield)
rNeg    . . .        a - +0 animal skin
rPois   .            (helmet currently unavailable)
rElec   .            (cloak currently unavailable)
rCorr   .            (gloves currently unavailable)
SInv    .            (boots currently unavailable)
Will    .....        (no amulet)
Stlth   +            (no ring)
HPRegen 0.22/turn    (no ring)
MPRegen 0.08/turn

%: no passive effects
@: beast-form
A: beast (slay +1), high MP 1, forlorn, divine attributes
a: Begin Untransformation


You were on level 1 of the Dungeon.
You were a hulking beast.
You visited 1 branch of the dungeon, and saw 1 of its levels.

Inventory:

Armour
 a - a +0 animal skin (worn)
 b - a +0 robe
Talismans
 c - a beast talisman (active)
 d - a flux talisman
Scrolls
 e - a scroll of noise {unknown}


   Skills:
 + Level 0.8 Fighting
 + Level 1.9 Dodging
 + Level 2.7 Unarmed Combat
 + Level 3.1 Shapeshifting


You couldn't memorise any spells.
You didn't know any spells.
Your spell library was empty.

Dungeon Overview and Level Annotations

Branches:
Dungeon (1/15)


Innate Abilities, Weirdness & Mutations

You are a hulking beast.
Your limbs bulge with bestial killing power. (Slay +1)
You have an increased reservoir of magic. (+10% MP)
You shall have no god before yourself.
Your divine heritage dramatically boosts your attributes as you level up.


Message History

a hobgoblin corpse You see here a frilled lizard skeleton.
There are no items here.
You see here a frilled lizard skeleton.
There are no objects that can be picked up here. a frilled lizard skeleton
Found a stone staircase leading down.
An endoplasm comes into view.
The endoplasm quivers.
A hobgoblin comes into view.
The hobgoblin moves out of view.
The endoplasm freezes you.
You are frozen.
The endoplasm closely misses you.
Found 6 stones.
The endoplasm attacks as it pursues you!
The endoplasm barely misses you.
The endoplasm attacks as it pursues you!
The endoplasm hits you but does no damage.
You hit the endoplasm.
You kill the endoplasm!
You closely miss the hobgoblin. The hobgoblin hits you.
You barely miss the hobgoblin. The hobgoblin hits you.
You hit the hobgoblin but do no damage. The hobgoblin closely misses you.
You are too injured to fight recklessly!
Found a scroll labelled RATOMAEWAU.
A kobold comes into view. It is wielding a +0 dagger.
The kobold shouts!
The hobgoblin misses you.
A quokka comes into view.
The kobold hits you but does no damage. The hobgoblin hits you.
The kobold hits you with a +0 dagger.
* * * LOW HITPOINT WARNING * * *
A jackal comes into view.
The hobgoblin closely misses you. The quokka bites you.
* * * LOW HITPOINT WARNING * * *
The hobgoblin attacks as it pursues you!
The hobgoblin hits you.
You die...

... #.# ...
########.##### ...
.............# ..
.h...........# #..
.............# #..
............# #..
...##...r....# #..
....?..hK....# #..
...##...g#.###
####..
#.##.#.########.....
#...................
######.....###......
#...#...........
#......#.....#....#
#.#........>.#.....
.. #..(.#...#######.


You could see a quokka, a jackal (asleep), a hobgoblin and a kobold.

Vanquished Creatures
  A dart slug (D:1)
  An endoplasm (D:1)
  A hobgoblin (D:1)
  A frilled lizard (D:1)
4 creatures vanquished.

Notes
Turn   | Place    | Note
-------+----------+-------------------------------------------
     0 | D:1      | xBlu3print the Demigod Shapeshifter began the quest for the
                  | Orb.
     0 | D:1      | Reached XP level 1. HP: 15/15 MP: 3/3
   193 | D:1      | Reached skill level 3 in Shapeshifting
   459 | D:1      | Slain by a hobgoblin

Illustrated notes

Levels and vault maps discovered:
D:1:      amcnicky_arrival_underground_garden, layout_basic

Skill      XL: |  1 |
---------------+----+-----
Shapeshifting  | 3 |  3.1
Fighting       | |  0.8
Dodging        | |  1.9
Unarmed Combat | |  2.7

Action                     || total
---------------------------++-------
  Melee: Unarmed           ||    12
    Use: Potion            ||     1
 Armour: Animal skin       ||    14
         Skin              ||     1
  Dodge: Dodged            ||     9

Table legend: (Time is in decaauts)
 A = Elapsed time spent in this place.
 B = Non-inter-level travel time spent in this place.
 C = Inter-level travel time spent in this place.
 D = Time resting spent in this place.
 E = Time spent auto-exploring this place.
 F = Levels seen in this place.
 G = Mean time per level.
                   A        B        C        D        E       F      G
               +--------+--------+--------+--------+--------+-----+--------+
         Total |    458 |    458 |      0 |    154 |     57 |   1 |  458.0 |
       Dungeon |    458 |    458 |      0 |    154 |     57 |   1 |  458.0 |
               +--------+--------+--------+--------+--------+-----+--------+

Top non-repeatable levels by time:
     D:1: 458 daAuts
